 Dungeon Crawl Stone Soup version 0.30-a0-847-g17996783a1 (webtiles) character file.

Game seed: 6149538315979379067

54 cforsyth the Sneak (level 4, -1/27 HPs)
             Began as a Kobold Brigand on Mar 3, 2023.
             Was an Initiate of Hepliaklqana.
             Slain by a goblin
             ... wielding a +0 dagger
             ... led by Robin
              (5 damage)
             ... on level 3 of the Dungeon.
             The game lasted 00:01:37 (2103 turns).

cforsyth the Sneak (Kobold Brigand)                 Turns: 2103, Time: 00:01:38

Health: -1/27      AC:  3    Str:  8    XL:     4   Next: 12%
Magic:  4/4        EV: 15    Int: 12    God:    Hepliaklqana [......]
Gold:   59         SH:  0    Dex: 24    Spells: 3/3 levels left

rFire   . . .      SeeInvis .    a - +2 dagger
rCold   . . .      Faith    .    (no shield)
rNeg    . . .      Spirit   .    b - +0 robe
rPois   .          Reflect  .    (no helmet)
rElec   .          Rampage  .    c - +0 cloak
rCorr   .                        (no gloves)
Will    .....                    (no boots)
Stlth   +++++                    (no amulet)
HPRegen 0.24/turn                j - +6 ring of dexterity
MPRegen 0.09/turn                (no ring)

@: about to teleport
A: small, no large weapons, nightstalker 3
a: Renounce Religion


You were on level 3 of the Dungeon.
You worshipped Hepliaklqana.
Hepliaklqana was noncommittal.
You visited 1 branch of the dungeon, and saw 3 of its levels.

You collected 59 gold pieces.

Inventory:

Hand Weapons
 a - a +2 dagger (weapon)
Missiles
 d - 9 poisoned darts (quivered)
 e - 3 curare-tipped darts
Armour
 b - a +0 robe (worn)
 c - a +0 cloak (worn)
Jewellery
 j - a +6 ring of dexterity (left hand)
Scrolls
 f - a scroll of magic mapping {unknown}
 g - a scroll of teleportation
 l - 2 scrolls of identify {unknown}
 n - 2 scrolls of noise {unknown}
 o - a scroll of silence {unknown}
 q - a scroll of fear {unknown}
 r - a scroll of amnesia {unknown}
Potions
 h - a potion of heal wounds {unknown}
 i - a potion of berserk rage {unknown}
 k - 2 potions of attraction {unknown}
 m - a potion of lignification {unknown}
 p - a potion of flight {unknown}
 s - a potion of magic {unknown}
 t - a potion of curing {unknown}


   Skills:
 + Level 2.9 Fighting
 + Level 3.5 Short Blades
 - Level 2.1 Throwing
 + Level 2.4 Dodging
 + Level 5.9 Stealth


You had 3 spell levels left.
You didn't know any spells.
Your spell library contained the following spells:

 Spells                   Type           Power      Damage    Failure   Level
 Cigotuvi's Dreadful Rot  Necr/Pois/Air  0%         N/A       45%         2
 Poisonous Vapours        Pois/Air       0%         N/A       45%         2
 Mephitic Cloud           Conj/Pois/Air  0%         N/A       69%         3


Dungeon Overview and Level Annotations

Branches:
Dungeon (3/15)

Altars:
Ashenzari
Hepliaklqana

Annotations:
D:3 Robin, Sigmund


Innate Abilities, Weirdness & Mutations

You are small and have problems with some larger weapons.
You are completely attuned to the shadows.


Message History

You hit the hobgoblin.
The hobgoblin is moderately wounded.
The goblin hits you with a +0 dagger. The goblin closely misses you.
A goblin comes into view. It is wielding a +0 dagger.
The hobgoblin hits you but does no damage.
You closely miss the hobgoblin.
The hobgoblin is moderately wounded.
The goblin hits you but does no damage. The goblin misses you.
The goblin barely misses you. The goblin hits you with a +0 club.
The hobgoblin misses you.
You hit the hobgoblin.
The hobgoblin is severely wounded.
The goblin hits you with a +0 dagger. The goblin hits you but does no damage.
The goblin hits you with a +0 club. The goblin misses you.
The hobgoblin misses you.
Robin roars a battlecry!
The goblins go into a battle-frenzy!
The hobgoblin hits you with a +0 flail.
* * * LOW HITPOINT WARNING * * *
Unknown command.
The goblin attacks as you move away! The goblin closely misses you.
The goblin unwields a +0 dagger.
The goblin wields a +0 sling.
The goblin shoots a sling bullet.
The sling bullet misses you. The goblin misses you.
Robin roars a battlecry!
You hear a shout!
The goblin attacks as you move away! The goblin barely misses you.
The goblin attacks as you move away! The goblin misses you. x2
The goblin attacks as you move away! The goblin hits you with a +0 dagger.
* * * LOW HITPOINT WARNING * * *
The hobgoblin misses you.
As you read the scroll labelled JUEDITO TIOLAPP, it crumbles to dust.
You feel strangely unstable.
It was a scroll of teleportation.
The goblin attacks as you move away! The goblin barely misses you.
The goblin no longer looks unusually strong.
The goblin hits you with a +0 club.
* * * LOW HITPOINT WARNING * * *
The goblin attacks as you move away! The goblin barely misses you.
The goblin hits you with a +0 dagger.
You die...

############ #........)..#
........###.# # ..#.#
........g@#.#.#.####.#.#
........gg#.#.#....#.#.###
.......g..#.#.####.#......
.)..$.gg###.#.............
.....Kgg..#........##.....
........#g###########.....
........(.... ...........
####...).... #####..##...
#........ .....#.#....


You could see 2 hobgoblins, 6 goblins and a kobold.

Vanquished Creatures
  A gnoll (D:1)
  An adder (D:2)
  A dart slug (D:1)
  6 endoplasms
  2 giant cockroaches
  6 goblins
  2 hobgoblins
  3 kobolds
  4 ball pythons
  4 bats
  A frilled lizard (D:2)
  2 rats (D:2)
33 creatures vanquished.

Notes
Turn   | Place    | Note
-------+----------+-------------------------------------------
     0 | D:1      | cforsyth the Kobold Brigand began the quest for the Orb.
     0 | D:1      | Reached XP level 1. HP: 12/12 MP: 1/1
    32 | D:1      | Found a faded altar of an unknown god.
   101 | D:1      | Reached XP level 2. HP: 15/18 MP: 2/2
   314 | D:1      | Reached XP level 3. HP: 22/22 MP: 3/3
  1286 | D:2      | Found a hazy altar of Hepliaklqana.
  1292 | D:2      | Became a worshipper of Hepliaklqana the Forgotten
  1725 | D:2      | Reached XP level 4. HP: 27/27 MP: 4/4
  2004 | D:3      | Noticed Sigmund
  2044 | D:3      | Found a broken altar of Ashenzari.
  2088 | D:3      | Noticed Robin
  2103 | D:3      | Slain by a goblin

Illustrated notes

Levels and vault maps discovered:
D:1:      dpeg_arrival_lava_temple_mockup, layout_loops_cross,
          hellmonk_ecumenical_altar_blasted, hangedman_decor_lopped,
          nicolae_titane
D:2:      layout_loops_corners, basic_altar
D:3:      layout_basic, ashenzari_altar_1, lemuel_coloured_pillars_altar,
          serial_shops, nicolae_shop_hallway_stairs, grunt_decor_junction,
          uniq_sigmund, uniq_robin, uniq_terence

Skill      XL: |  1  2  3 |
---------------+----------+-----
Short Blades   | 3 |  3.5
Dodging        | 2 |  2.4
Fighting       | |  2.9
Throwing       | |  2.1
Stealth        | |  5.9

Action                     |  1- 3 |  4- 6 || total
---------------------------+-------+-------++-------
  Melee: Dagger            |    54 |    11 ||    65
    Use: Scroll            |       |     1 ||     1
   Stab: Sleeping          |    15 |     3 ||    18
         Distracted        |     2 |       ||     2
 Armour: Robe              |     3 |     3 ||     6
  Dodge: Dodged            |    24 |    19 ||    43

Table legend: (Time is in decaauts)
 A = Elapsed time spent in this place.
 B = Non-inter-level travel time spent in this place.
 C = Inter-level travel time spent in this place.
 D = Time resting spent in this place.
 E = Time spent auto-exploring this place.
 F = Levels seen in this place.
 G = Mean time per level.
                   A        B        C        D        E       F      G
               +--------+--------+--------+--------+--------+-----+--------+
         Total |   2090 |   2002 |     88 |      0 |   1758 |   3 |  696.7 |
       Dungeon |   2090 |   2002 |     88 |      0 |   1758 |   3 |  696.7 |
               +--------+--------+--------+--------+--------+-----+--------+

Top non-repeatable levels by time:
     D:2: 1020 daAuts
     D:1: 965 daAuts
     D:3: 105 daAuts
